 Dungeon Crawl Stone Soup version 0.30-a0-1043-g60ff8d5f49 (webtiles) character file.

Game seed: 17371029379412881047

719 Esekla the Covert (level 7, -2/47 HPs)
             Began as an Octopode Delver on Apr 9, 2023.
             Was an Initiate of Gozag.
             Slain by an ogre
             ... wielding a +0 giant club
              (16 damage)
             ... on level 5 of the Dungeon.
             The game lasted 00:28:47 (5240 turns).

Esekla the Covert (Octopode Delver)                 Turns: 5240, Time: 00:28:47

Health: -2/47      AC:  1    Str: 11    XL:     7   Next: 70%
Magic:  10/10      EV: 14    Int: 14    God:    Gozag
Gold:   648        SH:  0    Dex: 14    Spells: 10/10 levels left

rFire   . . .      SeeInvis .    a - +0 falchion
rCold   . . .      Faith    .    (no shield)
rNeg    + . .      Spirit   .    (helmet restricted)
rPois   .          Reflect  .    (no amulet)
rElec   .          Rampage  .    q - ring of positive energy
rCorr   .                        (no ring)
Will    .....                    (no ring)
Stlth   +++++                    (no ring)
HPRegen 0.27/turn                (no ring)
MPRegen 0.12/turn                (no ring)
                                 (no ring)
                                 (no ring)

@: no status effects
A: almost no armour, amphibious, 8 rings, camouflage 1, gelatinous body 1,
(nimble swimmer 1), tentacles
a: Renounce Religion, Potion Petition, Call Merchant, Bribe Branch


You were on level 5 of the Dungeon.
You worshipped Gozag.
Gozag was pleased with you.
You visited 2 branches of the dungeon, and saw 6 of its levels.

You collected 674 gold pieces.
You paid 26 gold pieces to Gozag.

Inventory:

Hand Weapons
 a - a +0 falchion (weapon)
 r - a +0 spear
 s - a +1 dagger of freezing
 y - a +1 dagger of flaming
Jewellery
 q - a ring of positive energy (left tentacle)
Wands
 f - a wand of digging (9)
 v - a wand of flame (31)
 z - a wand of mindburst (2)
Scrolls
 b - 2 scrolls of fog
 d - 2 scrolls of teleportation {unknown}
 g - 2 scrolls of magic mapping
 h - 4 scrolls of blinking {unknown}
 t - a scroll of enchant weapon {unknown}
 A - a scroll of butterflies {unknown}
 B - a scroll of enchant armour {unknown}
Potions
 c - a potion of brilliance
 e - a potion of haste
 i - a potion of lignification {unknown}
 j - 2 potions of cancellation
 k - 2 potions of magic
 l - a potion of might {unknown}
 m - a potion of berserk rage
 n - 3 potions of heal wounds
 u - a potion of mutation {unknown}
 w - a potion of degeneration {unknown}
 x - a potion of attraction


   Skills:
 * Level 3.9 Fighting
 + Level 1.2(3.2) Short Blades
 * Level 4.6(4.7) Long Blades
 + Level 0.3 Throwing
 * Level 3.4 Dodging
 + Level 9.0 Stealth
 * Level 2.2 Spellcasting
 * Level 1.9 Air Magic


You had 10 spell levels left.
You didn't know any spells.
Your spell library contained the following spells:

 Spells                   Type           Power      Damage    Failure   Level
 Shock                    Conj/Air       16%        1d4       16%         1
 Summon Small Mammal      Summ           4%         N/A       24%         1
 Cigotuvi's Dreadful Rot  Necr/Pois/Air  6%         N/A       26%         2
 Swiftness                Air            7%         N/A       30%         3
 Call Canine Familiar     Summ           1%         N/A       56%         3
 Gell's Gravitas          Tloc           1%         N/A       56%         3
 Summon Guardian Golem    Hex/Summ       1%         N/A       56%         3
 Teleport Other           Tloc           1%         N/A       56%         3
 Airstrike                Air            3%         2d(1-17)  71%         4
 Dispel Undead            Necr           1%         3d6       93%         4
 Death Channel            Necr           0%         N/A       100%        6
 Dispersal                Tloc           0%         N/A       100%        6


Dungeon Overview and Level Annotations

Branches:
Dungeon (5/15)             Temple (1/1) D:5

Altars:
Fedhas
Gozag
Makhleb
Uskayaw
Vehumet
The Shining One

Shops:
D:1 (   D:4 (

Annotations:
D:4 2 transporters, jelly


Innate Abilities, Weirdness & Mutations

You cannot wear most types of armour.
You are amphibious.
You can wear up to eight rings at the same time.
Your skin changes colour to match your surroundings (Stealth+).
Your rubbery body absorbs attacks. (AC +1, EV +1)
((You are camouflaged when in or above water. (Stealth+)))
You have tentacles for arms and can constrict up to eight enemies at once.


Message History

Press: ? - help, Q - select action, (/) - cycle Shift-Dir - straight line, f/p - ogre
Aim: an ogre, wielding a +0 giant club (74% to hit)
You throw a poisoned dart. The poisoned dart hits the ogre.
The ogre is poisoned.
Throw: 2 darts (poison)
Press: ? - help, Q - select action, (/) - cycle Shift-Dir - straight line, f/p - ogre
Aim: an ogre, wielding a +0 giant club (poisoned, 74% to hit)
You throw a poisoned dart. The poisoned dart hits the ogre.
Throw: dart (poison)
Press: ? - help, Q - select action, (/) - cycle Shift-Dir - straight line, f/p - ogre
Aim: an ogre, wielding a +0 giant club (lightly wounded, poisoned, 74% to hit)
You throw a poisoned dart. The poisoned dart hits the ogre.
The ogre looks even sicker.
The ogre is lightly wounded.
You don't know any spells.
Aiming: Mindburst
Press: ? - help, Shift-Dir - straight line, f/p - ogre
Aim: an ogre, wielding a +0 giant club (moderately wounded, very poisoned, chance to affect: 64%)
The ogre struggles to resist.
You barely miss the ogre.
The ogre is moderately wounded.
The ogre barely misses you.
You hit the ogre but do no damage.
The ogre is heavily wounded.
The ogre misses you.
You hit the ogre but do no damage.
The ogre is heavily wounded.
You hit the ogre.
The ogre is heavily wounded.
The ogre completely misses you.
You barely miss the ogre. You squeeze the ogre!
The ogre is almost dead.
The ogre hits you with a +0 giant club!!
Ouch! That really hurt!
* * * LOW HITPOINT WARNING * * *
You hit the ogre but do no damage.
The ogre is almost dead.
The ogre hits you with a +0 giant club!
You die...
Your body crumbles into a pile of gold.

***,,,*,.........#*,,,,,.........
,$,,,,**##.#....#**#.#..........#
^,,.,** #.......# ##...........##
**,..**##..##.#.###.#..........##
***#..##....##......#.........#*
***..#......###..#..##.......#*
,,,.(...........###.##......#*
,,,.#(.....#.....##..#......##
,,,*#..(($.....O@............####
,,,....).....................#..#
,,,..........##...............##.
,,,..........##.....###..........
,,,#$................#...........
,8,..#..........................#
,,,8...#....##.........##.....#.#
.O.(.#(......#......##........###
.(()(,(#............##........##


You could see an ogre (poisoned).

Vanquished Creatures
  Sigmund (D:2)
  A black bear (D:5)
  An ogre (D:5)
  2 phantoms (D:4)
  2 hounds (D:4)
  An iguana (D:4)
  An orc wizard (D:2)
  Robin (D:2)
  3 gnolls (D:4)
  An adder (D:2)
  An ufetubus (D:3)
  A worm (D:4)
  2 dart slugs
  2 orcs
  7 endoplasms
  8 giant cockroaches
  17 goblins
  7 hobgoblins
  6 kobolds
  4 quokkas
  3 ball pythons
  2 frilled lizards
  6 rats
80 creatures vanquished.

Vanquished Creatures (others)
  21 plants (D:2)
21 creatures vanquished.

Grand Total: 101 creatures vanquished

Notes
Turn   | Place    | Note
-------+----------+-------------------------------------------
     0 | D:5      | Esekla the Octopode Delver began the quest for the Orb.
     0 | D:5      | Reached XP level 1. HP: 16/16 MP: 1/1
    80 | D:5      | Found a staircase to the Ecumenical Temple.
    85 | D:5      | Noticed an ogre
    85 | D:5      | Found the +6 shillelagh "Devastator" {shatter}
   164 | Temple   | Entered the Ecumenical Temple
   300 | Temple   | Became a worshipper of Gozag Ym Sagoz the Greedy
   327 | D:4      | Noticed a hound
   370 | D:4      | Killed a hound
   371 | D:4      | Reached skill level 7 in Stealth
   371 | D:4      | Reached XP level 2. HP: 20/21 MP: 2/2
   371 | D:4      | Reached XP level 3. HP: 25/26 MP: 3/3
  1228 | D:2      | Reached XP level 4. HP: 31/31 MP: 5/5
  1328 | D:2      | Reached skill level 1 in Spellcasting
  1955 | D:1      | Found Vesoojuhoq's Weapon Boutique.
  2076 | D:2      | Noticed Sigmund
  2160 | D:2      | Noticed Robin
  2186 | D:2      | Killed Robin
  2537 | D:2      | Reached XP level 5. HP: 34/36 MP: 6/6
  2761 | D:2      | Killed Sigmund
  2762 | D:2      | Reached skill level 8 in Stealth
  2762 | D:2      | Reached skill level 1 in Air Magic
  2762 | D:2      | Reached XP level 6. HP: 29/42 MP: 6/8
  3768 | D:4      | Found a radiant altar of Vehumet.
  3791 | D:4      | Found a transporter.
  3819 | D:4      | Found a transporter.
  3923 | D:4      | Reached skill level 1 in Short Blades
  4113 | D:4      | Found Daetak's Weapon Shop.
  4123 | D:4      | Reached XP level 7. HP: 22/47 MP: 9/9
  4804 | D:4      | Reached skill level 9 in Stealth
  5240 | D:5      | Slain by an ogre

Illustrated notes

Levels and vault maps discovered:
D:1:      evilmike_arrival_hilbert_curve, layout_basic, serial_shops, shop
D:2:      layout_loops_ring, dk_noncrumbling_2, serial_bayou_lagoon_b,
          uniq_sigmund, uniq_robin
D:3:      layout_loops_ring, minmay_fractal_squares_diagonal_5
D:4:      gammafunk_wand_slinger, layout_basic,
          mainiacjoe_overflow_six_doors_small, serial_shops, shop
D:5:      layout_layer_cave, temple_fountains, dilly_guarded_unrand_devastator,
          uniq_duvessa
Temple:   minmay_crystal_snake_temple

Skill      XL: |  1  2  3  4  5  6  7 |
---------------+----------------------+-----
Stealth        | 7 8 9 |  9.0
Spellcasting   | 1 2 |  2.2
Long Blades    | 3 4 |  4.6
Air Magic      | 1 |  1.9
Short Blades   | 1 |  1.2
Dodging        | 3 |  3.4
Fighting       | |  3.9
Throwing       | |  0.3

Action                     |  1- 3 |  4- 6 |  7- 9 || total
---------------------------+-------+-------+-------++-------
  Melee: Falchion          |    28 |    77 |    31 ||   136
         Constrict         |     4 |    21 |     1 ||    26
         Tentacles         |     2 |    17 |     6 ||    25
         Dagger            |     7 |    38 |     3 ||    48
         Punch             |     1 |       |     1 ||     2
  Throw: Dart              |       |     5 |     5 ||    10
  Evoke: Wand              |       |       |     1 ||     1
    Use: Scroll            |     2 |     1 |     6 ||     9
   Stab: Sleeping          |     6 |    23 |     3 ||    32
         Distracted        |     1 |       |       ||     1
 Armour: Skin              |     3 |     6 |     3 ||    12
  Dodge: Dodged            |    28 |    52 |    19 ||    99

Table legend: (Time is in decaauts)
 A = Elapsed time spent in this place.
 B = Non-inter-level travel time spent in this place.
 C = Inter-level travel time spent in this place.
 D = Time resting spent in this place.
 E = Time spent auto-exploring this place.
 F = Levels seen in this place.
 G = Mean time per level.
                   A        B        C        D        E       F      G
               +--------+--------+--------+--------+--------+-----+--------+
         Total |   5242 |   5085 |    157 |    847 |   1279 |   6 |  873.7 |
       Dungeon |   5188 |   5072 |    116 |    847 |   1278 |   5 | 1037.6 |
        Temple |     53 |     12 |     41 |      0 |      1 |   1 |   53.0 |
               +--------+--------+--------+--------+--------+-----+--------+

Top non-repeatable levels by time:
     D:4: 1424 daAuts
     D:2: 1358 daAuts
     D:3: 885 daAuts
     D:1: 776 daAuts
     D:5: 743 daAuts
  Temple: 53 daAuts
